 Dungeon Crawl Stone Soup version 0.22-a0-354-g30dfbe6 (webtiles) character file.

79 Kairos the Skirmisher (level 4, -2/24 HPs)
             Began as a Vine Stalker Fighter on Apr 16, 2018.
             Splashed by Ijyb's acid (17 damage)
             ... on level 3 of the Dungeon.
             The game lasted 00:02:57 (1834 turns).

Kairos the Skirmisher (Vine Stalker Fighter)        Turns: 1834, Time: 00:02:58

Health: -2/24      AC:  6    Str: 19    XL:     4   Next: 37%
Magic:  0/5        EV:  7    Int:  9    God:
Gold:   76         SH:  9    Dex: 13    Spells: 3/3 levels left

rFire    . . .     SeeInvis +   a - +0 war axe
rCold    . . .     Gourm    .   c - +0 shield
rNeg     . . .     Faith    .   b - +0 scale mail
rPois    .         Spirit   +   (no helmet)
rElec    .         Reflect  .   (no cloak)
rCorr    .         Harm     .   (no gloves)
MR       .....                  (no boots)
Stlth    ..........             (no amulet)
HPRegen  0.48/turn              g - ring of see invisible
MPRegen  0.09/turn              (no ring)

@: no status effects
A: fangs 2, regeneration 1, magic shield, antimagic bite, no potion heal 3, rot
immunity
a: no special abilities


You were on level 3 of the Dungeon.
You were very hungry.

You visited 1 branch of the dungeon, and saw 3 of its levels.

You collected 76 gold pieces.

Inventory:

Hand Weapons
 a - a +0 war axe (weapon)
Armour
 b - a +0 scale mail (worn)
 c - a +0 shield (worn)
Jewellery
 g - a ring of see invisible (left hand)
Wands
 m - a wand of flame (30)
Scrolls
 e - a scroll of amnesia {unknown}
 h - 2 scrolls of teleportation {unknown}
 i - 2 scrolls of identify {unknown}
 k - a scroll of remove curse {unknown}
 n - a scroll of fear {unknown}
Potions
 d - a potion of might
 j - a potion of haste {unknown}
 l - a potion of flight {unknown}
Comestibles
 f - 4 rations


   Skills:
 + Level 3.3 Fighting
 + Level 2.5 Axes
 + Level 2.8 Armour
 + Level 0.3 Dodging
 + Level 3.2 Shields


You had 3 spell levels left.
You didn't know any spells.

Dungeon Overview and Level Annotations

Branches:
Dungeon (3/15)

Altars:
Elyvilon

Annotations:
D:3 Ijyb


Innate Abilities, Weirdness & Mutations

You have extremely sharp teeth.
Your natural rate of healing is unusually fast.
When hurt, damage is shared between your health and your magic reserves.
Your bite disrupts and absorbs the magic of your enemies.
Potions cannot restore your health.
You are immune to rotting.


Message History

Press: ? - help, Shift-Dir - straight line, f - Ijyb
Aim: Ijyb, wearing a leather armour and carrying a wand of acid (10)
The puff of flame hits Ijyb.
Ijyb is lightly wounded.
Ijyb zaps a wand.
The bolt of acid hits you!
Ouch! That really hurt!
You are splashed with acid!
The acid burns!
* * * LOW HITPOINT WARNING * * *
There is a stone staircase leading up here.
You climb upwards.
There is a stone staircase leading down here.
You start resting.
HP restored.
Unknown command.
You climb downwards.
Level annotation: Ijyb Ijyb zaps a wand.
The bolt of acid misses you.
Ijyb zaps a wand.
The bolt of acid hits you!
You are splashed with acid!
The acid burns!
Ouch! That really hurt!
You die...

....[.......#.#.#..
##.#..####....#.#.#.. ..
#..## #....#.#.#(.
.###...###....#.#.#..
###.#............#.#.#..
#...#.#.#..###.....#.#..
#.###.#.##.# #..####.# .
#g# #.#g##........ ..
#.# #.#@##..##..... ..
#.###g####...#..###. ..
#.g..............
#####.####.#.#.
#.......#.. #...†......
#.......... #.#.#..<...
#g#.#######


You could see Ijyb.

Vanquished Creatures
  A gnoll (D:1)
  An adder (D:2)
  An ooze (D:1)
  2 worms (D:2)
  3 dart slugs
  4 leopard geckos
  A ball python (D:3)
  4 bats
  3 giant cockroaches (D:1)
  4 goblins (D:1)
  5 hobgoblins
  5 kobolds
  A frilled lizard (D:2)
  6 rats
41 creatures vanquished.

Vanquished Creatures (others)
  A quokka (D:2)
  A frilled lizard (D:2)
2 creatures vanquished.

Grand Total: 43 creatures vanquished

Notes
Turn   | Place    | Note
-------+----------+-------------------------------------------
     0 | D:1      | Kairos the Vine Stalker Fighter began the quest for the Orb.
     0 | D:1      | Reached XP level 1. HP: 11/11 MP: 2/2
    99 | D:1      | Reached XP level 2. HP: 14/16 MP: 3/3
   258 | D:1      | Reached XP level 3. HP: 19/20 MP: 4/4
  1280 | D:2      | Gained mutation: Your natural rate of healing is unusually fast. [Vine Stalker growth]
  1280 | D:2      | Reached XP level 4. HP: 12/24 MP: 5/5
  1282 | D:2      | Found a white marble altar of Elyvilon.
  1730 | D:3      | Noticed Ijyb
  1834 | D:3      | Splashed by Ijyb's acid

Vault maps used:
D:1:      lightli_arrival_flooded_house, serial_bayou, serial_bayou_pond_a,
          serial_bayou_pond_d, serial_bayou_lagoon_a, serial_bayou_shore_b,
          serial_bayou_shore_b
D:2:      elyvilon_altar_4
D:3:      first_ration, kennysheep_generic_room_4, uniq_ijyb, uniq_grinder

Skill      XL: |  1  2  3 |
---------------+----------+-----
Fighting       | 3 |  3.3
Axes           | 2 |  2.5
Shields        | 3 |  3.2
Armour         | |  2.8
Dodging        | |  0.3

Action                   |  1- 3 |  4- 6 || total
-------------------------+-------+-------++-------
Melee: War axe           |   110 |    19 ||   129
       Bite              |    27 |     3 ||    30
Evoke: Wand              |       |     1 ||     1
  Eat: Chunk             |     1 |     1 ||     2
Armor: Scale mail        |    43 |     5 ||    48
Dodge: Dodged            |    32 |     6 ||    38
Block: Shield            |    61 |     7 ||    68

Table legend:
 A = Spawn XP
 B = Non-spawn XP
 C = Spawn XP percentage of total XP
 D = Spawn monster count
 E = Non-spawn monster count
 F = Spawn count percentage of total count
 G = Total turns spent on level
                    A         B        C        D         E        F      G
               +---------+---------+-------+---------+---------+-------+---------
         Total |       0 |     113 |   0.0 |       0 |      41 |   0.0 |  1834
               +---------+---------+-------+---------+---------+-------+---------
           D:1 |       0 |      54 |   0.0 |       0 |      19 |   0.0 |  1003
           D:2 |       0 |      49 |   0.0 |       0 |      17 |   0.0 |   727
           D:3 |       0 |      10 |   0.0 |       0 |       5 |   0.0 |   104
               +---------+---------+-------+---------+---------+-------+---------
